Workbook

Sheet 計算シート
A1: 相続税の総額試算表
A3: １．相続人の数
AH4: 順位 | AQ4: 相続人 | BB4: 人数
B5: a. 配偶者がいる場合には「１」と入力してください。 | AH5: 必ず相続 | AQ5: 配偶者（夫または妻） | BB5: 1
B7: b. 以下の続柄について、入力してください。 | AH7: 続柄
C8: ① 子がいる場合→子の人数のみ | AH8: ②
C9: ② 子がいない場合→父母の人数のみ
C10: ③ 子・父母がいない場合→兄弟姉妹の人数 | AH10: 順位 | AQ10: 相続人 | BB10: 人数
AH11: 第一位 | AQ11: 子供、孫、ひ孫 | BK11: 人 | BM11: いずれか1ヵ所のみ 入力してください。
AH12: 第二位 | AQ12: 両親、祖父母 | BB12: 2 | BK12: 人
AH13: 第三位 | AQ13: 兄弟、姉妹 | BK13: 人
A15: ２．相続財産
E17: 区分 | K17: 財産種類 | AZ17: 財産額
E18: 資産 | K18: 不動産 | S18: 土地 | AZ18: 10000000
S19: 建物 | AZ19: 10000000
K20: 金融資産等 | S20: 現金・預金 | AZ20: 90000000
S21: 有価証券・国債・投資信託
K22: その他
E23: 負債 | K23: 借入金等 | AZ23: 25000000
K24: その他
E26: 合計額 | AZ26: =SUM(AZ18:BJ22)-SUM(AZ23:BJ24) -> 85000000
E27: 基礎控除 | AZ27: － | BA27: =30000000+6000000*SUM(BB5:BJ13) -> 48000000
E28: 課税対象額 | AZ28: =IF(AZ26-BA27<0,0,AZ26-BA27) -> 37000000
A30: ３．計算結果
D32: 相続税の総額は、 | T32: =ROUNDDOWN(税率表!F25*1000,0) -> 4433100 | BG32: 円です。
D34: この相続税総額を、各相続人が取得した財産の額に応じて按分し、負担し合います。
D35: ただし配偶者は、法定相続分か1億6千万円のどちらか多い額まで相続税額が発生しません。
D36: （納税額は発生しませんが相続税申告は必要です。）

Sheet 税率表
H7: 相続税の速算表
C8: 法定相続分 | D8: 金額（法定） | E8: ※ | F8: 税額 | H8: ※ | I8: 課税価格 | J8: 税率 | K8: 控除額
B9: 配偶者 | C9: =IF(計算シート!BB5<>1,0,IF(計算シート!BB11<>"",1/2,IF(計算シート!BB12<>"",2/3,IF(計算シート!BB13<>"",3/4,1)))) -> 0.66666667 | D9: =ROUNDDOWN(計算シート!$AZ$28*税率表!$C9/1000,0) -> 24666 | E9: =IF(D9<=$I$9,$H$9,IF(D9<=$I$10,$H$10,IF(D9<=$I$11,$H$11,IF(D9<=$I$12,$H$12,IF(D9<=$I$13,$H$13,IF(D9<=$I$14,$H$14,IF(D9<=$I$15,$H$15,$H$16))))))) -> 2 | F9: =VLOOKUP(E9,$H$9:$J$16,3,0)*D9-VLOOKUP(E9,$H$9:$K$16,4,0) -> 3199.9 | H9: 1 | I9: 10000 | J9: 0.1 | K9: 0
B10: 相続人１ | C10: =IF(C9=1,0,IF((1-$C$9)*(1/SUM(計算シート!$BB$11:$BJ$13))+C9<=1,(1-$C$9)*(1/SUM(計算シート!$BB$11:$BJ$13)),0)) -> 0.16666667 | D10: =ROUNDDOWN(計算シート!$AZ$28*税率表!$C10/1000,0) -> 6166 | E10: =IF(D10<=$I$9,$H$9,IF(D10<=$I$10,$H$10,IF(D10<=$I$11,$H$11,IF(D10<=$I$12,$H$12,IF(D10<=$I$13,$H$13,IF(D10<=$I$14,$H$14,IF(D10<=$I$15,$H$15,$H$16))))))) -> 1 | F10: =VLOOKUP(E10,$H$9:$J$16,3,0)*D10-VLOOKUP(E10,$H$9:$K$16,4,0) -> 616.6 | H10: 2 | I10: 30000 | J10: 0.15 | K10: 500
B11: 相続人２ | C11: =IF($C$9=1,0,IF((1-$C$9)*(1/SUM(計算シート!$BB$11:$BJ$13))+SUM($C$9:C10)<=1,(1-$C$9)*(1/SUM(計算シート!$BB$11:$BJ$13)),0)) -> 0.16666667 | D11: =ROUNDDOWN(計算シート!$AZ$28*税率表!$C11/1000,0) -> 6166 | E11: =IF(D11<=$I$9,$H$9,IF(D11<=$I$10,$H$10,IF(D11<=$I$11,$H$11,IF(D11<=$I$12,$H$12,IF(D11<=$I$13,$H$13,IF(D11<=$I$14,$H$14,IF(D11<=$I$15,$H$15,$H$16))))))) -> 1 | F11: =VLOOKUP(E11,$H$9:$J$16,3,0)*D11-VLOOKUP(E11,$H$9:$K$16,4,0) -> 616.6 | H11: 3 | I11: 50000 | J11: 0.2 | K11: 2000
B12: 相続人３ | C12: =IF($C$9=1,0,IF((1-$C$9)*(1/SUM(計算シート!$BB$11:$BJ$13))+SUM($C$9:C11)<=1,(1-$C$9)*(1/SUM(計算シート!$BB$11:$BJ$13)),0)) -> 0 | D12: =ROUNDDOWN(計算シート!$AZ$28*税率表!$C12/1000,0) -> 0 | E12: =IF(D12<=$I$9,$H$9,IF(D12<=$I$10,$H$10,IF(D12<=$I$11,$H$11,IF(D12<=$I$12,$H$12,IF(D12<=$I$13,$H$13,IF(D12<=$I$14,$H$14,IF(D12<=$I$15,$H$15,$H$16))))))) -> 1 | F12: =VLOOKUP(E12,$H$9:$J$16,3,0)*D12-VLOOKUP(E12,$H$9:$K$16,4,0) -> 0 | H12: 4 | I12: 100000 | J12: 0.3 | K12: 7000
B13: 相続人４ | C13: =IF($C$9=1,0,IF((1-$C$9)*(1/SUM(計算シート!$BB$11:$BJ$13))+SUM($C$9:C12)<=1,(1-$C$9)*(1/SUM(計算シート!$BB$11:$BJ$13)),0)) -> 0 | D13: =ROUNDDOWN(計算シート!$AZ$28*税率表!$C13/1000,0) -> 0 | E13: =IF(D13<=$I$9,$H$9,IF(D13<=$I$10,$H$10,IF(D13<=$I$11,$H$11,IF(D13<=$I$12,$H$12,IF(D13<=$I$13,$H$13,IF(D13<=$I$14,$H$14,IF(D13<=$I$15,$H$15,$H$16))))))) -> 1 | F13: =VLOOKUP(E13,$H$9:$J$16,3,0)*D13-VLOOKUP(E13,$H$9:$K$16,4,0) -> 0 | H13: 5 | I13: 200000 | J13: 0.4 | K13: 17000
B14: 相続人５ | C14: =IF($C$9=1,0,IF((1-$C$9)*(1/SUM(計算シート!$BB$11:$BJ$13))+SUM($C$9:C13)<=1,(1-$C$9)*(1/SUM(計算シート!$BB$11:$BJ$13)),0)) -> 0 | D14: =ROUNDDOWN(計算シート!$AZ$28*税率表!$C14/1000,0) -> 0 | E14: =IF(D14<=$I$9,$H$9,IF(D14<=$I$10,$H$10,IF(D14<=$I$11,$H$11,IF(D14<=$I$12,$H$12,IF(D14<=$I$13,$H$13,IF(D14<=$I$14,$H$14,IF(D14<=$I$15,$H$15,$H$16))))))) -> 1 | F14: =VLOOKUP(E14,$H$9:$J$16,3,0)*D14-VLOOKUP(E14,$H$9:$K$16,4,0) -> 0 | H14: 6 | I14: 300000 | J14: 0.45 | K14: 27000
B15: 相続人６ | C15: =IF($C$9=1,0,IF((1-$C$9)*(1/SUM(計算シート!$BB$11:$BJ$13))+SUM($C$9:C14)<=1,(1-$C$9)*(1/SUM(計算シート!$BB$11:$BJ$13)),0)) -> 0 | D15: =ROUNDDOWN(計算シート!$AZ$28*税率表!$C15/1000,0) -> 0 | E15: =IF(D15<=$I$9,$H$9,IF(D15<=$I$10,$H$10,IF(D15<=$I$11,$H$11,IF(D15<=$I$12,$H$12,IF(D15<=$I$13,$H$13,IF(D15<=$I$14,$H$14,IF(D15<=$I$15,$H$15,$H$16))))))) -> 1 | F15: =VLOOKUP(E15,$H$9:$J$16,3,0)*D15-VLOOKUP(E15,$H$9:$K$16,4,0) -> 0 | H15: 7 | I15: 600000 | J15: 0.5 | K15: 42000
B16: 相続人７ | C16: =IF($C$9=1,0,IF((1-$C$9)*(1/SUM(計算シート!$BB$11:$BJ$13))+SUM($C$9:C15)<=1,(1-$C$9)*(1/SUM(計算シート!$BB$11:$BJ$13)),0)) -> 0 | D16: =ROUNDDOWN(計算シート!$AZ$28*税率表!$C16/1000,0) -> 0 | E16: =IF(D16<=$I$9,$H$9,IF(D16<=$I$10,$H$10,IF(D16<=$I$11,$H$11,IF(D16<=$I$12,$H$12,IF(D16<=$I$13,$H$13,IF(D16<=$I$14,$H$14,IF(D16<=$I$15,$H$15,$H$16))))))) -> 1 | F16: =VLOOKUP(E16,$H$9:$J$16,3,0)*D16-VLOOKUP(E16,$H$9:$K$16,4,0) -> 0 | H16: 8 | I16: 600,000～ | J16: 0.55 | K16: 72000
B17: 相続人８ | C17: =IF($C$9=1,0,IF((1-$C$9)*(1/SUM(計算シート!$BB$11:$BJ$13))+SUM($C$9:C16)<=1,(1-$C$9)*(1/SUM(計算シート!$BB$11:$BJ$13)),0)) -> 0 | D17: =ROUNDDOWN(計算シート!$AZ$28*税率表!$C17/1000,0) -> 0 | E17: =IF(D17<=$I$9,$H$9,IF(D17<=$I$10,$H$10,IF(D17<=$I$11,$H$11,IF(D17<=$I$12,$H$12,IF(D17<=$I$13,$H$13,IF(D17<=$I$14,$H$14,IF(D17<=$I$15,$H$15,$H$16))))))) -> 1 | F17: =VLOOKUP(E17,$H$9:$J$16,3,0)*D17-VLOOKUP(E17,$H$9:$K$16,4,0) -> 0
B18: 相続人９ | C18: =IF($C$9=1,0,IF((1-$C$9)*(1/SUM(計算シート!$BB$11:$BJ$13))+SUM($C$9:C17)<=1,(1-$C$9)*(1/SUM(計算シート!$BB$11:$BJ$13)),0)) -> 0 | D18: =ROUNDDOWN(計算シート!$AZ$28*税率表!$C18/1000,0) -> 0 | E18: =IF(D18<=$I$9,$H$9,IF(D18<=$I$10,$H$10,IF(D18<=$I$11,$H$11,IF(D18<=$I$12,$H$12,IF(D18<=$I$13,$H$13,IF(D18<=$I$14,$H$14,IF(D18<=$I$15,$H$15,$H$16))))))) -> 1 | F18: =VLOOKUP(E18,$H$9:$J$16,3,0)*D18-VLOOKUP(E18,$H$9:$K$16,4,0) -> 0
B19: 相続人１０ | C19: =IF($C$9=1,0,IF((1-$C$9)*(1/SUM(計算シート!$BB$11:$BJ$13))+SUM($C$9:C18)<=1,(1-$C$9)*(1/SUM(計算シート!$BB$11:$BJ$13)),0)) -> 0 | D19: =ROUNDDOWN(計算シート!$AZ$28*税率表!$C19/1000,0) -> 0 | E19: =IF(D19<=$I$9,$H$9,IF(D19<=$I$10,$H$10,IF(D19<=$I$11,$H$11,IF(D19<=$I$12,$H$12,IF(D19<=$I$13,$H$13,IF(D19<=$I$14,$H$14,IF(D19<=$I$15,$H$15,$H$16))))))) -> 1 | F19: =VLOOKUP(E19,$H$9:$J$16,3,0)*D19-VLOOKUP(E19,$H$9:$K$16,4,0) -> 0
B20: 相続人１１ | C20: =IF($C$9=1,0,IF((1-$C$9)*(1/SUM(計算シート!$BB$11:$BJ$13))+SUM($C$9:C19)<=1,(1-$C$9)*(1/SUM(計算シート!$BB$11:$BJ$13)),0)) -> 0 | D20: =ROUNDDOWN(計算シート!$AZ$28*税率表!$C20/1000,0) -> 0 | E20: =IF(D20<=$I$9,$H$9,IF(D20<=$I$10,$H$10,IF(D20<=$I$11,$H$11,IF(D20<=$I$12,$H$12,IF(D20<=$I$13,$H$13,IF(D20<=$I$14,$H$14,IF(D20<=$I$15,$H$15,$H$16))))))) -> 1 | F20: =VLOOKUP(E20,$H$9:$J$16,3,0)*D20-VLOOKUP(E20,$H$9:$K$16,4,0) -> 0
B21: 相続人１２ | C21: =IF($C$9=1,0,IF((1-$C$9)*(1/SUM(計算シート!$BB$11:$BJ$13))+SUM($C$9:C20)<=1,(1-$C$9)*(1/SUM(計算シート!$BB$11:$BJ$13)),0)) -> 0 | D21: =ROUNDDOWN(計算シート!$AZ$28*税率表!$C21/1000,0) -> 0 | E21: =IF(D21<=$I$9,$H$9,IF(D21<=$I$10,$H$10,IF(D21<=$I$11,$H$11,IF(D21<=$I$12,$H$12,IF(D21<=$I$13,$H$13,IF(D21<=$I$14,$H$14,IF(D21<=$I$15,$H$15,$H$16))))))) -> 1 | F21: =VLOOKUP(E21,$H$9:$J$16,3,0)*D21-VLOOKUP(E21,$H$9:$K$16,4,0) -> 0
B22: 相続人１３ | C22: =IF($C$9=1,0,IF((1-$C$9)*(1/SUM(計算シート!$BB$11:$BJ$13))+SUM($C$9:C21)<=1,(1-$C$9)*(1/SUM(計算シート!$BB$11:$BJ$13)),0)) -> 0 | D22: =ROUNDDOWN(計算シート!$AZ$28*税率表!$C22/1000,0) -> 0 | E22: =IF(D22<=$I$9,$H$9,IF(D22<=$I$10,$H$10,IF(D22<=$I$11,$H$11,IF(D22<=$I$12,$H$12,IF(D22<=$I$13,$H$13,IF(D22<=$I$14,$H$14,IF(D22<=$I$15,$H$15,$H$16))))))) -> 1 | F22: =VLOOKUP(E22,$H$9:$J$16,3,0)*D22-VLOOKUP(E22,$H$9:$K$16,4,0) -> 0
B23: 相続人１４ | C23: =IF($C$9=1,0,IF((1-$C$9)*(1/SUM(計算シート!$BB$11:$BJ$13))+SUM($C$9:C22)<=1,(1-$C$9)*(1/SUM(計算シート!$BB$11:$BJ$13)),0)) -> 0 | D23: =ROUNDDOWN(計算シート!$AZ$28*税率表!$C23/1000,0) -> 0 | E23: =IF(D23<=$I$9,$H$9,IF(D23<=$I$10,$H$10,IF(D23<=$I$11,$H$11,IF(D23<=$I$12,$H$12,IF(D23<=$I$13,$H$13,IF(D23<=$I$14,$H$14,IF(D23<=$I$15,$H$15,$H$16))))))) -> 1 | F23: =VLOOKUP(E23,$H$9:$J$16,3,0)*D23-VLOOKUP(E23,$H$9:$K$16,4,0) -> 0
B24: 相続人１５ | C24: =IF($C$9=1,0,IF((1-$C$9)*(1/SUM(計算シート!$BB$11:$BJ$13))+SUM($C$9:C23)<=1,(1-$C$9)*(1/SUM(計算シート!$BB$11:$BJ$13)),0)) -> 0 | D24: =ROUNDDOWN(計算シート!$AZ$28*税率表!$C24/1000,0) -> 0 | E24: =IF(D24<=$I$9,$H$9,IF(D24<=$I$10,$H$10,IF(D24<=$I$11,$H$11,IF(D24<=$I$12,$H$12,IF(D24<=$I$13,$H$13,IF(D24<=$I$14,$H$14,IF(D24<=$I$15,$H$15,$H$16))))))) -> 1 | F24: =VLOOKUP(E24,$H$9:$J$16,3,0)*D24-VLOOKUP(E24,$H$9:$K$16,4,0) -> 0
B25: 計 | C25: =SUM(C9:C24) -> 1 | D25: =SUM(D9:D24) -> 61999 | F25: =ROUNDDOWN(SUM(F9:F24),3) -> 4433.1
